 Dungeon Crawl Stone Soup version 0.20.1-1-g8b1a95d (webtiles) character file.

21 raph the Chopper (level 2, 0/27 HPs)
             Began as a Hill Orc Monk on Sept 27, 2017.
             Was a Believer of Kikubaaqudgha.
             Succumbed to an adder's poison
             ... on level 2 of the Dungeon.
             The game lasted 00:02:26 (907 turns).

raph the Chopper (Hill Orc Monk)                     Turns: 907, Time: 00:02:26

Health: 0/27       AC:  0    Str: 18    XL:     2   Next: 83%
Magic:  2/2        EV: 13    Int: 10    God:    Kikubaaqudgha [**....]
Gold:   107        SH:  0    Dex: 13    Spells: 1/1 levels left

rFire    + + .     SeeInvis .   a - +0 hand axe
rCold    . . .     Gourm    .   (no shield)
rNeg     . . .     Faith    .   (no armour)
rPois    +         Spirit   .   (no helmet)
rElec    +         Reflect  .   (no cloak)
rCorr    +         Harm     .   (no gloves)
MR       +....                  (no boots)
Stlth    ++........             (no amulet)
Regen    0.1/turn               j - ring of fire
MPRegen  0.1/turn               l - ring of protection from magic

@: mighty, lethally poisoned (0 -> -1), resistant, flying, very slightly
contaminated
A: no striking features
a: Receive Corpses, Renounce Religion


You were on level 2 of the Dungeon.
You worshipped Kikubaaqudgha.
Kikubaaqudgha was pleased with you.
You were not hungry.

You visited 1 branch of the dungeon, and saw 2 of its levels.

You collected 107 gold pieces.

Inventory:

Hand Weapons
 a - a +0 hand axe (weapon)
Missiles
 t - 7 javelins (quivered)
Armour
 b - a +0 robe
 d - a +0 ring mail
Jewellery
 j - a ring of fire (left hand)
 l - a ring of protection from magic (right hand)
 q - a cursed amulet of inaccuracy {unknown}
Scrolls
 f - 2 scrolls of teleportation {unknown}
 g - a scroll of remove curse {unknown}
 k - 2 scrolls of identify {unknown}
 n - a scroll of enchant weapon {unknown}
 p - a scroll of enchant armour {unknown}
 s - a scroll of amnesia {unknown}
Potions
 e - a potion of flight
 m - 3 potions of resistance
Books
 u - Kikubaaqudgha's Compendium of Evil
   (Kikubaaqudgha gifted it to you on level 2 of the Dungeon)

   Spells                             Type                      Level
   a - Animate Skeleton               Necromancy                   1
   b - Corpse Rot                     Necromancy                   2
   c - Sublimation of Blood           Necromancy                   2
   d - Regeneration                   Charms/Necromancy            3
   e - Control Undead                 Necromancy                   4
Comestibles
 c - 2 bread rations
 h - a meat ration
 i - a royal jelly


   Skills:
 + Level 3.9 Fighting
 * Level 4.6 Axes
 + Level 0.7 Armour
 + Level 2.5 Dodging
 + Level 1.6 Stealth
 + Level 0.1 Spellcasting
 + Level 0.0 Necromancy


You had one spell level left.
You didn't know any spells.

Dungeon Overview and Level Annotations

Branches:
Dungeon (2/15)

Altars:
Elyvilon
Kikubaaqudgha


Message History

Okay, then.
Blink to where?
Press: ? - help, Dir - move target cursor Marked for pickup.
You are very lightly contaminated with residual magic.
As you read the scroll labeled RUBREEMIAC, it crumbles to dust.
It was a scroll of blinking.
* * * LOW HITPOINT WARNING * * *
You feel sick.
i - a royal jelly
There is a lethal amount of poison in your body!
* * * LOW HITPOINT WARNING * * *
You feel sick.
You see here 14 gold pieces.
You now have 107 gold pieces (gained 14).
* * * LOW HITPOINT WARNING * * *
You feel sick.
A rat comes into view.
You die...
Kikubaaqudgha rasps: "You have failed me!
Welcome... death!"

####### ##.....## ##.......##
#.........#### #########
#............## #.......#
#.............######.......#
#.................##.......#
#..........r......##.......#
#...............@..........#
..................##.......#
..................##.......##
.........<...................
..............[......†..####.
...............######.###
...............# ##.#
...............# #..#
.............[.# ###.##


You could see a rat.

Vanquished Creatures
  An adder (D:2)
  2 hobgoblins
  A kobold (D:2)
  A ball python (D:2)
  A bat (D:1)
  3 goblins
  3 rats
  2 toadstools (D:1)
14 creatures vanquished.

Vanquished Creatures (others)
  2 toadstools (D:1)
2 creatures vanquished.

Grand Total: 16 creatures vanquished

Notes
Turn   | Place    | Note
-------+----------+-------------------------------------------
     0 | D:1      | raph the Hill Orc Monk began the quest for the Orb.
     0 | D:1      | Reached XP level 1. HP: 19/19 MP: 1/1
   698 | D:2      | Reached XP level 2. HP: 25/27 MP: 2/2
   772 | D:2      | Found a white marble altar of Elyvilon.
   782 | D:2      | Found an ancient bone altar of Kikubaaqudgha.
   789 | D:2      | Became a worshipper of Kikubaaqudgha
   789 | D:2      | Reached * piety under Kikubaaqudgha
   789 | D:2      | Identified Kikubaaqudgha's Compendium of Evil (Kikubaaqudgha gifted it to you on level 2 of the Dungeon)
   789 | D:2      | Received a gift from Kikubaaqudgha
   789 | D:2      | Reached ** piety under Kikubaaqudgha
   899 | D:2      | HP: 1/27 [poisoned by an adder]
   907 | D:2      | Succumbed to an adder's poison

Action                   || total
-------------------------++-------
Melee: Hand axe          ||    46
  Use: Potion            ||     3
       Scroll            ||     1
 Stab: Sleeping          ||     1
Armor: Ring mail         ||    13
Dodge: Dodged            ||    24
